 Dungeon Crawl Stone Soup version 0.17-a0-2147-gfb20a63 (console) character file.

9681 brucemayne the Cleaver (level 11, -7/78 HPs)
             Began as a Demonspawn Berserker on Oct 24, 2015.
             Was an Elder of Trog.
             Killed by divine providence
             ... invoked by an orc high priest
              (11 damage)
             ... on level 4 of the Orcish Mines.
             The game lasted 00:19:26 (4086 turns).

brucemayne the Cleaver (Demonspawn Berserker)       Turns: 4086, Time: 00:19:26

Health: -7/78      AC: 22    Str: 26    XL:     11   Next: 26%
Magic:  11/11      EV:  8    Int: 13    God:    Trog [****..]
Gold:   1128       SH:  0    Dex: 13    Spells: 0 memorised, 10 levels left

rFire  + . .     SeeInvis .     h - +0 war axe
rCold  . . .     Clarity  .     r - +2 plate armour {MR+}
rNeg   + . .     SustAt   .     (no shield)
rPois  .         Gourm    .     s - +2 hat
rElec  .         Spirit   .     e - +1 cloak
rCorr  .         Warding  +     A - +0 pair of gloves
rMut   .         Stasis   .     (no boots)
MR     +++..                    w - amulet of warding
Stlth  ..........               F - +3 ring of strength
                                u - +2 ring of strength

@: brilliant, exhausted, regenerating, slowed, very slow, extremely resistant to
hostile enchantments, extremely unstealthy
A: horns 1, rugged brown scales 2, fire resistance 1, powered by death 1, flame
cloud immunity
a: Berserk, Trog's Hand, Brothers in Arms, Burn Spellbooks, Renounce Religion


You were on level 4 of the Orcish Mines.
You worshipped Trog.
Trog was greatly pleased with you.
You were near starving.

You visited 2 branches of the dungeon, and saw 14 of its levels.

You collected 1128 gold pieces.

Inventory:

Hand Weapons
 a - a +0 hand axe
 h - a +0 war axe (weapon)
Missiles
 D - a throwing net (quivered)
Armour
 b - a +0 animal skin
 e - a +1 cloak (worn)
 g - the +2 ring mail "Cublystrua" {SInv}
   (You found it on level 8 of the Dungeon)

   It lets you see invisible.
 i - a +0 chain mail
 p - a +0 ring mail
 r - a +2 plate armour of magic resistance (worn)
 s - a +2 hat (worn)
 t - a cursed +0 scale mail
 v - a +0 plate armour
 y - a +0 cloak
 A - a +0 pair of gloves (worn)
Jewellery
 u - a +2 ring of strength (left hand)
 w - an amulet of warding (around neck)
 x - an uncursed ring of teleportation
 F - a +3 ring of strength (right hand)
Wands
 z - a wand of draining (12)
 B - a wand of cold (5)
Potions
 d - 2 potions of curing
 f - a potion of resistance {unknown}
 j - a potion of berserk rage {unknown}
 k - 2 potions of flight {unknown}
 l - a potion of ambrosia {unknown}
 m - 2 potions of brilliance
 n - a potion of cure mutation {unknown}
 o - 2 potions of agility {unknown}
 q - a potion of lignification {unknown}
Comestibles
 c - 2 bread rations
 E - 5 chunks of flesh


   Skills:
 - Level 3.0 Fighting
 + Level 14.8 Axes
 + Level 5.7 Armour
 - Level 1.7 Dodging


You had 10 spell levels left.
You didn't know any spells.

Dungeon Overview and Level Annotations

Branches:
Dungeon (10/15)              Lair (0/8) D:9             Orc (4/4) D:10
 Temple: D:4-7          Elf: Orc:3-4

Altars:
Ashenzari
Nemelex Xobeh
Qazlal
Trog
The Shining One

Shops:
Orc:4 [}

Portals:
Pandemonium: Orc:4

Annotations:
D:5 Duvessa
D:9 exclusion: downstairs


Innate Abilities, Weirdness & Mutations

You have a pair of small horns on your head.
You are mostly covered in rugged brown scales (AC +2, +5% HP).
Your flesh is heat resistant.
You regenerate a little health from kills.
You are immune to clouds of flame.


Message History

Unknown command.
Unknown command.
Drink which item? (? for menu, Esc to quit)
Okay, then.
You aren't carrying any spellbooks or scrolls.
Unknown command.
Evoke which item? (* to show all) (? for menu, Esc to quit)
Okay, then.
Drink which item? (? for menu, Esc to quit)
Okay, then. 2 orc high priests come into view.
You feel less regenerative.
The orc high priest shouts! x2
You hear a shout! x2
The orc high priest completely misses you.
The torturous demonspawn hits you with a mace.
* * * LOW HITPOINT WARNING * * *
The orc high priest mumbles some strange prayers to Beogh against you.
Something smites you!
You die...

#... #...
#..#
##.o#
##..# ##
##.o#
##.#
###).##
##o.6##
#.).##
##...o6##
o[.##
#..#.#@.#
.[##
#oo6#o.#
.##
#..o##o.#
..##
##∩## .##
...## ##
# ....##
..#..##
......#
..#...###


You could see 5 orc high priests, a gelid demonspawn, an infernal demonspawn, a
torturous demonspawn and 2 orc sorcerers.

Vanquished Creatures
  Gastronok (D:9)
  Maud (Orc:4)
  Snorg (D:10)
  The ghost of nublet the Protected, a journeyman DsFE of Kikubaaqudgha (D:10)
  A soul eater (Orc:4)
  A gargoyle (D:10)
  A trapdoor spider (D:10)
  A hippogriff (D:10)
  2 wargs
  A soldier ant (D:8)
  11 orc warriors
  A sky beast (D:10)
  4 ice beasts
  A black bear (D:5)
  5 ogres
  A wasp (D:8)
  A giant frog (D:8)
  A big kobold (D:10)
  Blork the orc (D:5)
  A scorpion (D:8)
  A crimson imp (D:8)
  2 giant frog zombies (D:8)
  A wasp zombie (D:8)
  A centaur zombie (D:8)
  10 orc priests
  3 centaur skeletons
  2 hounds
  11 orc wizards
  A giant frog skeleton (D:10)
  4 jellies
  3 iguanas
  5 worker ants
  3 hound zombies
  7 adders
  7 gnolls
  3 shadow imps
  An adder skeleton (D:4)
  4 giant geckos
  52 orcs
  A bat (D:1)
  A giant cockroach (D:2)
  2 goblins
  A hobgoblin (D:2)
  5 jackals
  4 kobolds
  2 giant newts
  A quokka skeleton (D:6)
176 creatures vanquished.

Notes
Turn   | Place    | Note
--------------------------------------------------------------
     0 | D:1      | brucemayne the Demonspawn Berserker began the quest for the Orb.
     0 | D:1      | Reached XP level 1. HP: 18/18 MP: 1/1
   261 | D:3      | Gained mutation: You regenerate a little health from kills. [demonic ancestry]
   261 | D:3      | Reached XP level 2. HP: 24/24 MP: 2/2
   305 | D:5      | Entered Level 5 of the Dungeon
   342 | D:5      | Noticed Duvessa
   404 | D:4      | Gained mutation: You are partially covered in rugged brown scales (AC +1, +3% HP). [demonic ancestry]
   404 | D:4      | Reached XP level 3. HP: 26/29 MP: 3/3
   474 | D:4      | Reached skill level 4 in Axes
   476 | D:4      | Reached XP level 4. HP: 32/36 MP: 4/4
   598 | D:4      | Reached skill level 5 in Axes
   643 | D:5      | Reached XP level 5. HP: 37/42 MP: 5/5
   673 | D:5      | Noticed an ogre
   689 | D:5      | Killed an ogre
   744 | D:5      | Reached skill level 6 in Axes
   798 | D:5      | Noticed a black bear
   820 | D:5      | Killed a black bear
   820 | D:5      | Reached XP level 6. HP: 48/48 MP: 6/6
   822 | D:5      | Reached ** piety under Trog
   912 | D:5      | Reached skill level 7 in Axes
   961 | D:5      | Noticed Blork the orc
   972 | D:5      | Killed Blork the orc
   974 | D:5      | Gained mutation: You have a pair of small horns on your head. [demonic ancestry]
   974 | D:5      | Reached XP level 7. HP: 53/53 MP: 7/7
  1043 | D:5      | Found a sparkling altar of Nemelex Xobeh.
  1053 | D:5      | Found a stormy altar of Qazlal.
  1279 | D:7      | Reached skill level 8 in Axes
  1699 | D:8      | Reached skill level 9 in Axes
  1699 | D:8      | Gained mutation: Your flesh is heat resistant. [demonic ancestry]
  1699 | D:8      | Reached XP level 8. HP: 53/59 MP: 8/8
  1750 | D:8      | Found a shattered altar of Ashenzari.
  1755 | D:8      | Got a slimy ring mail
  1784 | D:8      | Identified the +2 ring mail "Cublystrua" {SInv} (You found it on level 8 of the Dungeon)
  2023 | D:7      | Reached skill level 10 in Axes
  2118 | D:9      | Noticed Gastronok
  2133 | D:9      | Killed Gastronok
  2133 | D:9      | Reached *** piety under Trog
  2133 | D:9      | Reached skill level 12 in Axes
  2133 | D:9      | Gained mutation: You are immune to clouds of flame. [demonic ancestry]
  2133 | D:9      | Reached XP level 9. HP: 64/64 MP: 9/9
  2172 | D:10     | Entered Level 10 of the Dungeon
  2203 | D:9      | Found a bloodstained altar of Trog.
  2290 | D:9      | Found a glowing golden altar of the Shining One.
  2325 | D:9      | Found a staircase to the Lair.
  2369 | D:10     | Noticed nublet's ghost (journeyman DsFE)
  2551 | D:10     | Noticed Snorg
  2565 | D:10     | Killed Snorg
  2565 | D:10     | Reached skill level 13 in Axes
  2565 | D:10     | Gained mutation: You are mostly covered in rugged brown scales (AC +2, +5% HP). [demonic ancestry]
  2565 | D:10     | Reached XP level 10. HP: 65/73 MP: 10/10
  2663 | D:10     | Killed nublet's ghost
  2798 | D:10     | Noticed a gargoyle
  2820 | D:10     | Killed a gargoyle
  2820 | D:10     | Reached skill level 14 in Axes
  2971 | D:10     | Found a staircase to the Orcish Mines.
  2992 | Orc:1    | Entered Level 1 of the Orcish Mines
  3103 | Orc:1    | Reached **** piety under Trog
  3151 | Orc:1    | Received a gift from Trog
  3469 | Orc:4    | Entered Level 4 of the Orcish Mines
  3491 | Orc:4    | Noticed Maud
  3512 | Orc:4    | Killed Maud
  3512 | Orc:4    | Reached XP level 11. HP: 67/78 MP: 11/11
  3642 | Orc:4    | Reached skill level 5 in Armour
  3980 | Orc:4    | Noticed a soul eater
  4007 | Orc:4    | Killed a soul eater
  4074 | Orc:4    | Noticed an orc knight
  4085 | Orc:4    | Found Xiaziju's Gadget Shop.
  4085 | Orc:4    | Found Ykussoa's Antique Armour Boutique.
  4085 | Orc:4    | Found a one-way gate leading to the halls of Pandemonium.
  4085 | Orc:4    | Noticed an orc sorcerer
  4085 | Orc:4    | Noticed an infernal demonspawn
  4085 | Orc:4    | Noticed an orc high priest
  4085 | Orc:4    | Noticed a gelid demonspawn
  4085 | Orc:4    | Noticed an orc high priest
  4085 | Orc:4    | Noticed an orc high priest
  4086 | Orc:4    | Noticed a torturous demonspawn
  4086 | Orc:4    | Noticed an orc sorcerer
  4086 | Orc:4    | Noticed an orc high priest
  4086 | Orc:4    | Noticed an orc high priest
  4086 | Orc:4    | Killed from afar by an orc high priest

Vault maps used:
D:1:      minmay_arrival_four_loops, lemuel_old_faithful
D:2:      yredelemnul_forgotten_temple_becter, kennysheep_doodads
D:3:      nicolae_overflow_hidden_temple, bloody_makhleb,
          cheibriados_altar_wand_db, first_bread, minmay_gold_behind_fungi,
          lemuel_statue_altar
D:4:      minmay_temple_entry_enclosed_plants, serial_glass, glass_columns_a,
          glass_columns_b, glass_columns_a, glass_columns_a, glass_columns_b,
          glass_columns_a, grunt_ministairs_7, hangedman_decor_slide_cut
D:5:      minitemple, uniq_duvessa, uniq_blork_the_orc
D:6:      minmay_misc_feat_room
D:7:      kennysheep_orc_sif_temple, lemuel_crystal_altar,
          uniq_crazy_yiuf_cottage
D:8:      evilmike_ruin_ashenzari, hangedman_pestilent_swarm
D:9:      tso_altar, lemuel_crystal_altar, tgw_xom, lair_0_dummy, uniq_gastronok
D:10:     orc_0_dummy, uniq_snorg
Orc:3:    nicolae_orc_pool_cavern
Orc:4:    pf_orc_diabolical, mines2_lemuel, uniq_maud

Action                   |  1- 3 |  4- 6 |  7- 9 | 10-12 || total
-------------------------+-------+-------+-------+-------++-------
Melee: Hand axe          |    40 |    44 |       |       ||    84
       War axe           |       |    44 |   190 |   308 ||   542
Invok: Berserk           |     2 |     5 |     7 |     5 ||    19
       Trog's Hand       |       |     1 |     2 |     4 ||     7
  Use: Scroll            |       |       |     6 |     6 ||    12
       Potion            |       |       |       |     2 ||     2
  Eat: Chunk             |       |     4 |     4 |     7 ||    15
       Bread ration      |       |     1 |       |       ||     1
       Royal jelly       |       |       |     2 |       ||     2
       Beef jerky        |       |       |     1 |       ||     1
       Meat ration       |       |       |     1 |       ||     1
